 Dungeon Crawl Stone Soup version 0.31-a0-986-g5e6e4ef867 (webtiles) character file.

Game seed: 14610292382865846013

4622 Lobster4 the Skirmisher (level 10, -7/88 HPs)
             Began as a Minotaur Hunter on Nov 4, 2023.
             Was a Believer of Fedhas.
             Mangled by an orc knight
             ... wielding a +0 halberd
              (11 damage)
             ... in a bailey.
             The game lasted 00:33:18 (8736 turns).

Lobster4 the Skirmisher (Minotaur Hunter)           Turns: 8736, Time: 00:33:19

Health: -7/88      AC: 13    Str: 17    XL:     10   Next: 19%
Magic:  9/12       EV: 14    Int: 13    God:    Fedhas [**....]
Gold:   165        SH:  5    Dex: 17    Spells: 11/13 levels left

rFire   . . .        a - +5 shortbow
rCold   + + .        (shield currently unavailable)
rNeg    . . .        C - +7 toga "Victory" {*Victory Int+7 Slay+7 Clar}
rPois   .            (helmet restricted)
rElec   .            (no cloak)
rCorr   .            (no gloves)
SInv    .            y - +3 pair of mountain boots {steadfast, rC+}
Will    .....        g - amulet of reflection
Stlth   ++           s - ring of protection from cold
HPRegen 0.34/turn    (no ring)
MPRegen 0.13/turn

%: reflection, clarity
@: very slightly contaminated
A: horns 2, retaliatory headbutt
a: Renounce Religion, Wall of Briars


You were in a bailey.
You worshipped Fedhas.
Fedhas was pleased with you.
You visited 2 branches of the dungeon, and saw 10 of its levels.
You also visited: Bailey.

You collected 523 gold pieces.
You spent 358 gold pieces at shops.

Inventory:

Hand Weapons
 a - a +5 shortbow (weapon)
 b - the +11 long sword of Disaster {speed, rF++ rC- Str+3}
   (You took it off an orc on level 5 of the Dungeon)

   Str+3:     It affects your strength (+3).
   rF++:      It greatly protects you from fire.
   rC-:       It makes you vulnerable to cold.
 j - a +2 heavy spear
 k - a +0 short sword of holy wrath
 r - a +1 falchion of holy wrath
 u - a +0 rapier of speed
 E - the +8 orcbow of the Uplifting Ass {heavy, Will++ Int+2}
   (You bought it in a shop on level 7 of the Dungeon)

   Int+2:     It affects your intelligence (+2).
   Will++:    It greatly increases your willpower.
Missiles
 f - 7 boomerangs
 l - 11 poisoned darts
 t - 10 javelins
Armour
 i - a +0 ring mail
 n - a +2 scale mail of willpower
 q - the +1 leather armour of the Game Afoot {rC+ Will+ Str+3}
   (You bought it in a shop on level 4 of the Dungeon)

   Str+3:     It affects your strength (+3).
   rC+:       It protects you from cold.
   Will+:     It increases your willpower.
 y - the +3 pair of mountain boots (worn) {steadfast, rC+}
   (You acquired it on level 6 of the Dungeon)

   Steadfast: It prevents involuntary movement, except for blinking,
   teleportation, or banishment.
   rC+:       It protects you from cold.
 C - the +7 toga "Victory" (worn) {*Victory Int+7 Slay+7 Clar}
   (You found it on level 7 of the Dungeon)

   *Victory:  When the wearer kills a threatening monster, it has a chance to
   gain +1 AC, +1 Slay, and +1 Int, capping at +7.
   When the wearer uses a scroll or a potion with a hostile monster in sight,
   its bonuses reset to +0.
   Unequipping it also resets its bonuses to +0.
   Int+7:     It affects your intelligence (+7).
   Slay+7:    It affects your accuracy & damage with ranged weapons and melee
   (+7).
   Clar:      It protects you from confusion, rage, mesmerisation and fear.
Jewellery
 g - an amulet of reflection (around neck)
 s - a ring of protection from cold (left hand)
Wands
 c - a wand of paralysis (2)
 v - a wand of flame (20)
 z - a wand of mindburst (9)
 A - a wand of quicksilver (5)
 F - a wand of polymorph (2)
Scrolls
 e - a scroll of butterflies
 h - 2 scrolls of enchant weapon
 D - a scroll of teleportation
Potions
 d - 2 potions of enlightenment
 m - 4 potions of brilliance {unknown}
 o - 3 potions of ambrosia {unknown}
 p - a potion of lignification
 w - 3 potions of haste {unknown}
 x - a potion of mutation
 B - a potion of curing


   Skills:
 + Level 7.8 Fighting
 - Level 2.0(4.0) Short Blades
 + Level 6.0(6.2) Long Blades
 * Level 10.6 Ranged Weapons
 - Level 5.0 Armour
 - Level 5.0 Dodging
 - Level 1.0 Stealth
 + Level 2.2 Spellcasting
 + Level 2.2 Translocations
 + Level 2.4 Invocations
 + Level 2.1 Evocations


You had 11 spell levels left.
You knew the following spells:

 Your Spells              Type           Power      Damage    Failure   Level
a - Blink                 Tloc           14%        N/A       16%         2

Your spell library contained the following spells:

 Spells                   Type           Power      Damage    Failure   Level
 Lesser Beckoning         Tloc           14%        N/A       16%         2
 Momentum Strike          Conj/Tloc      8%         3d8       24%         2
 Sting                    Tmut/Pois      4%         1d3       26%         1
 Gell's Gravitas          Tloc           7%         N/A       30%         3
 Teleport Other           Tloc           7%         N/A       30%         3
 Poisonous Vapours        Pois/Air       2%         N/A       36%         2
 Tukima's Dance           Hex            1%         N/A       58%         3
 Manifold Assault         Tloc           7%         N/A       69%         4
 Passage of Golubria      Tloc           7%         N/A       69%         4
 Olgreb's Toxic Radiance  Pois           1%         N/A       94%         4
 Yara's Violent Unravell  Hex/Tmut       0%         3d3       100%        5
 Disjunction              Tloc           3%         N/A       100%        8


Dungeon Overview and Level Annotations

Branches:
Dungeon (9/15)             Temple (1/1) D:5          Bailey (1/1)
   Lair: D:8-11         Orc: D:9-12

Altars:
Cheibriados
Dithmenos
Elyvilon
Fedhas
Gozag
Hepliaklqana
Kikubaaqudgha
Makhleb
Nemelex Xobeh
Qazlal
Ru
Trog
Uskayaw
Vehumet
Yredelemnul
Zin
The Shining One

Shops:
D:4 *   D:7 (

Annotations:
D:4 3 runed translucent doors, bchevrier's ghost, novice GnWn
D:5 1 runed translucent door, Patattack's ghost, novice HORe
D:6 2 runed translucent doors, DoNotCum's ghost, novice DECj


Innate Abilities, Weirdness & Mutations

You have a pair of horns on your head.
You reflexively headbutt those who attack you in melee.


Message History

Aiming: Paralyse
Press: ? - help, Shift-Dir - straight line, p - orc warrior Nothing appears to happen.
Your briar patch disappears in a puff of smoke!
Aiming: Paralyse
Press: ? - help, Shift-Dir - straight line, f - orc warrior
Aim: an orc warrior, wielding a +0 glaive and wearing a +0 plate armour (strong, chance to affect: 54%)
The orc warrior suddenly stops moving!
Your briar patch disappears in a puff of smoke!
You are too injured to fight recklessly!
Unknown command.
Aiming: Quicksilver Bolt
Press: ? - help, Shift-Dir - straight line, f - orc knight, p - orc warrior
Aim: an orc knight, wielding a +0 halberd and wearing a +0 chain mail (almost dead, ally target, 68% to hit)
The bolt of dispelling energy hits the orc knight.
The orc knight is almost dead.
The orc knight hits you from afar with a +0 halberd!
* * * LOW HITPOINT WARNING * * *
Aiming: Quicksilver Bolt
Press: ? - help, Shift-Dir - straight line, p - orc knight The orc warrior no longer looks unusually strong.
The orc knight closely misses you.
Aiming: Quicksilver Bolt
Press: ? - help, Shift-Dir - straight line, f - orc knight
Aim: an orc knight, wielding a +0 halberd and wearing a +0 chain mail (almost dead, ally target, 68% to hit)
The bolt of dispelling energy misses the orc knight.
You hear a shout!
The orc knight misses you.
Aiming: Quicksilver Bolt
Press: ? - help, Shift-Dir - straight line, p - orc knight The orc knight hits you from afar with a +0 halberd!
* * * LOW HITPOINT WARNING * * *
Casting: Blink (safe; 16% risk of failure)
Confirm with . or Enter, or press ? or * to list all spells.
You miscast Blink.
You are very lightly contaminated with residual magic.
Nothing appears to happen.
The orc knight hits you from afar with a +0 halberd!
You die...
Fedhas appreciates your contribution to the ecosystem.

#♣..∩..∩..♣#
#..........#
##..........##
###............#
♣♣............♣.#
#♣..♣.♣.......♣♣.###
#≈≈................♣♣
#≈≈≈....#....#......♣♣
#≈≈≈≈≈≈≈#..@.#≈≈≈≈...♣
#≈≈≈≈≈≈≈#....#≈≈≈≈≈≈.♣
#≈≈≈≈≈≈≈#.oo.#≈≈≈≈≈≈≈♣♣#
#♣♣≈≈≈≈≈#....#≈≈≈≈≈≈≈≈≈#
♣♣♣♣...#....#...≈≈≈≈≈≈#
#♣....♣...P.P......≈≈≈≈#
#.........)P).......≈≈≈#
#..####....)...####..≈≈#
##.# .####')####.$#♣♣♣♣#


You could see an orc knight (ally target) and an orc warrior (paralysed).

Vanquished Creatures
  A wyvern (D:8)
  Eustachio (D:4)
  A steam dragon (D:9)
  Duvessa (D:6)
  An ice beast (D:5)
  A sky beast (D:7)
  4 orc warriors
  2 black bears
  2 ogres (D:6)
  3 centaurs
  A phantom (D:7)
  A kobold brigand (D:7)
  3 scorpions (D:5)
  A necrophage (D:4)
  A gnoll sergeant (D:7)
  4 bullfrogs
  9 wights
  Dowan (D:6)
  3 killer bees (D:9)
  2 howler monkeys (D:7)
  5 electric eels (D:6)
  5 hounds
  6 orc priests
  4 gnoll boudas
  2 jellies
  A sleepcap (D:6)
  6 iguanas
  7 orc wizards
  A hound skeleton (D:4)
  26 gnolls
  8 adders
  2 shadow imps
  4 white imps
  An ufetubus (D:5)
  A worm (D:2)
  2 dart slugs
  45 orcs
  5 ball pythons
  7 bats
  4 endoplasms
  A giant cockroach (D:2)
  6 goblins
  4 hobgoblins
  4 quokkas
  5 frilled lizards
  11 kobolds
  7 rats
223 creatures vanquished.

Notes
Turn   | Place    | Note
-------+----------+-------------------------------------------
     0 | D:1      | Lobster4 the Minotaur Hunter began the quest for the Orb.
     0 | D:1      | Reached XP level 1. HP: 18/18 MP: 0/0
   102 | D:1      | Reached skill level 1 in Stealth
   106 | D:1      | Reached XP level 2. HP: 25/25 MP: 1/1
   495 | D:2      | Reached skill level 1 in Armour
   586 | D:2      | Reached XP level 3. HP: 30/30 MP: 2/2
   828 | D:2      | Reached skill level 5 in Ranged Weapons
  1295 | D:3      | Reached XP level 4. HP: 37/38 MP: 3/3
  1739 | D:4      | Noticed Eustachio
  1812 | D:4      | Reached skill level 1 in Short Blades
  1815 | D:4      | Reached XP level 5. HP: 45/45 MP: 4/4
  1865 | D:4      | Found a runed translucent gate.
  1867 | D:4      | Found a runed translucent gate.
  2137 | D:4      | Found a burning altar of Makhleb.
  2276 | D:4      | Noticed bchevrier's ghost (novice GnWn)
  2292 | D:4      | Found Motwa's Assorted Antiques.
  2299 | D:4      | Bought a faintly humming leather armour for 154 gold pieces
  2299 | D:4      | Identified the +1 leather armour of the Game Afoot {rC+
                  | Will+ Str+3} (You bought it in a shop on level 4 of the
                  | Dungeon)
  2353 | D:4      | Found a runed translucent gate.
  2476 | D:5      | Entered Level 5 of the Dungeon
  2575 | D:5      | Reached skill level 6 in Ranged Weapons
  2575 | D:5      | Reached XP level 6. HP: 40/52 MP: 5/5
  2958 | D:5      | Noticed an ice beast
  2996 | D:4      | Killed Eustachio
  2997 | D:4      | Reached XP level 7. HP: 48/60 MP: 6/6
  3266 | D:5      | Identified the +11 long sword of Disaster {speed, rF++ rC-
                  | Str+3}
  3388 | D:5      | Reached skill level 7 in Ranged Weapons
  3452 | D:5      | Found a runed translucent door.
  3457 | D:5      | Found a staircase to the Ecumenical Temple.
  3469 | Temple   | Entered the Ecumenical Temple
  3508 | D:5      | Reached skill level 1 in Long Blades
  3572 | D:5      | Noticed Patattack's ghost (novice HORe)
  3590 | D:5      | Reached skill level 5 in Fighting
  3924 | D:5      | Reached XP level 8. HP: 68/68 MP: 7/7
  4173 | D:6      | Noticed Duvessa
  4182 | D:6      | Noticed Dowan
  4185 | D:6      | Killed Duvessa
  4306 | D:6      | Killed Dowan
  4307 | D:6      | Reached skill level 5 in Dodging
  4351 | D:6      | Reached skill level 8 in Ranged Weapons
  4372 | D:6      | Reached skill level 5 in Armour
  4400 | D:6      | Identified a scroll of acquirement
  4400 | D:6      | Acquired the +3 pair of mountain boots {steadfast, rC+}
  4400 | D:6      | Found the +3 pair of mountain boots {steadfast, rC+}
  5395 | D:6      | Reached skill level 9 in Ranged Weapons
  5928 | D:6      | Found a large runed translucent door.
  5928 | D:6      | Found a large runed translucent door.
  5933 | D:6      | Noticed DoNotCum's ghost (novice DECj)
  6156 | D:6      | Reached XP level 9. HP: 70/78 MP: 8/8
  6206 | D:6      | Reached skill level 1 in Translocations
  6531 | D:7      | Reached skill level 1 in Spellcasting
  6565 | D:7      | Found Povuish's Antique Weapon Emporium.
  6688 | D:7      | Found a hide-covered altar of Uskayaw.
  6946 | D:7      | Found a blossoming altar of Fedhas.
  6951 | D:7      | Found a stormy altar of Qazlal.
  6956 | D:7      | Became a worshipper of Fedhas Madash
  7078 | D:7      | Reached skill level 5 in Long Blades
  7213 | D:7      | Reached skill level 10 in Ranged Weapons
  7213 | D:7      | Reached skill level 1 in Invocations
  7328 | D:7      | Found the +0 toga "Victory" {*Victory Clar}
  7542 | D:7      | Reached skill level 1 in Evocations
  7728 | D:8      | Reached * piety under Fedhas
  7746 | D:8      | Found a basalt altar of Yredelemnul.
  7895 | D:8      | Found an ancient bone altar of Kikubaaqudgha.
  8037 | D:7      | Bought an ancient orcbow for 204 gold pieces
  8037 | D:7      | Identified the +8 orcbow of the Uplifting Ass {heavy,
                  | Will++ Int+2} (You bought it in a shop on level 7 of the
                  | Dungeon)
  8111 | D:8      | Reached XP level 10. HP: 86/86 MP: 12/12
  8329 | D:9      | Identified the of Mahics
  8549 | D:9      | Learned a level 2 spell: Blink
  8561 | D:9      | Reached ** piety under Fedhas
  8579 | D:9      | Found a flagged portal.
  8612 | Bailey   | Entered a bailey
  8707 | Bailey   | Noticed an orc knight
  8735 | Bailey   | HP: 3/88 [orc knight/+0 halberd (7)]
  8736 | Bailey   | Mangled by an orc knight

Illustrated notes

Levels and vault maps discovered:
D:1:      ncdulo_lavacross, layout_rooms
D:2:      layout_loops_ring
D:3:      layout_basic, minmay_misc_feat_more_columns
D:4:      layout_rooms, makhleb_blood_cavern_becter, gammafunk_ghost_split,
          serial_shops, nicolae_shop_just_a_little_nook,
          kennysheep_generic_room_3, uniq_eustachio
D:5:      cheibrodos_fzero, layout_basic, minmay_temple_entry_tees,
          gammafunk_ghost_grave
D:6:      layout_basic, ebering_ghost_disaster_area, serial_bayou,
          serial_bayou_ford_a, serial_bayou_pond_e, serial_bayou_pond_b,
          serial_bayou_shore_a, serial_bayou_pond_d, uniq_duvessa
D:7:      layout_loops_cross, grunt_temple_overflow_forces_of_nature,
          nicolae_uskayaw_dance_studio, serial_shops, nicolae_shop_waterfront,
          chequers_serial_rivers_micro_b
D:8:      layout_rooms, amcnicky_altar_gilded, lemuel_doored_altar,
          serial_glass, glass_columns_b, glass_columns_b, minmay_strange_pillars
D:9:      layout_gridville, minitemple, enter_bailey_6
Temple:   jpeg_temple_clearing
Bailey:   bailey_polearm_elven_captive_hellmonk, bailey

Skill      XL: |  1  2  3  4  5  6  7  8  9 10 |
---------------+-------------------------------+-----
Stealth        | 1 |  1.0
Armour         | 1 2 3 4 5 |  5.0
Ranged Weapons | 5 6 7 9 10 | 10.6
Fighting       | 3 4 5 6 7 |  7.8
Dodging        | 3 4 5 |  5.0
Short Blades   | 1 2 |  2.0
Long Blades    | 1 4 5 6 |  6.0
Translocations | 2 |  2.2
Spellcasting   | 2 |  2.2
Invocations    | 2 |  2.4
Evocations     | 1 2 |  2.1

Action                     |  1- 3 |  4- 6 |  7- 9 | 10-12 || total
---------------------------+-------+-------+-------+-------++-------
  Melee: Rapier            |       |    33 |       |       ||    33
         Headbutt          |       |     5 |    23 |     1 ||    29
         Long sword        |       |       |    97 |     7 ||   104
         Punch             |       |       |     1 |       ||     1
   Fire: Shortbow          |   113 |   195 |   333 |    58 ||   699
  Throw: Javelin           |       |       |     2 |       ||     2
 Invoke: Wall of Briars    |       |       |       |     1 ||     1
  Evoke: Wand              |       |       |       |     7 ||     7
    Use: Scroll            |     3 |     4 |    10 |     1 ||    18
         Potion            |       |       |     3 |       ||     3
   Stab: Sleeping          |       |       |     1 |       ||     1
 Armour: Scale mail        |    23 |    54 |       |       ||    77
         Ring mail         |     1 |       |       |       ||     1
         Leather armour    |       |    42 |   109 |       ||   151
         Robe              |       |       |    11 |    30 ||    41
  Dodge: Dodged            |    14 |   104 |   124 |    17 ||   259
  Block: Other             |    11 |    41 |    40 |     6 ||    98
         Reflection        |       |       |     9 |       ||     9

Table legend: (Time is in decaauts)
 A = Elapsed time spent in this place.
 B = Non-inter-level travel time spent in this place.
 C = Inter-level travel time spent in this place.
 D = Time resting spent in this place.
 E = Time spent auto-exploring this place.
 F = Levels seen in this place.
 G = Mean time per level.
                   A        B        C        D        E       F      G
               +--------+--------+--------+--------+--------+-----+--------+
         Total |   8793 |   8334 |    459 |   1648 |   4772 |  11 |  799.4 |
       Dungeon |   8672 |   8213 |    459 |   1648 |   4772 |   9 |  963.6 |
        Temple |      1 |      1 |      0 |      0 |      0 |   1 |    1.0 |
        Bailey |    119 |    119 |      0 |      0 |      0 |   1 |  119.0 |
               +--------+--------+--------+--------+--------+-----+--------+

Top non-repeatable levels by time:
     D:6: 2473 daAuts
     D:5: 1502 daAuts
     D:7: 1120 daAuts
     D:3: 783 daAuts
     D:4: 770 daAuts
     D:2: 710 daAuts
     D:8: 634 daAuts
     D:1: 398 daAuts
     D:9: 278 daAuts
  Bailey: 119 daAuts
  Temple: 1 daAuts
